 Dungeon Crawl Stone Soup version 0.30-a0-867-g305f33218d (webtiles) character file.

Game seed: 13725643651389069781

1341 iguanaiguana the Chiller (level 8, -6/52 (60) HPs)
             Began as an Armataur Ice Elementalist on Mar 10, 2023.
             Mangled by an orc warrior
             ... wielding a +2 scimitar of draining
              (10 damage)
             ... on level 7 of the Dungeon.
             The game lasted 00:18:55 (1584 turns).

iguanaiguana the Chiller (AtIE)                     Turns: 1584, Time: 00:18:56

HP:   -6/52 (60)    AC:  8    Str: 13    XL:     8   Next: 35%
MP:   1/12          EV:  9    Int: 18    God:
Gold: 185           SH:  0    Dex: 11    Spells: 2/12 levels left

rFire   . . .      SeeInvis .    r - +2 dagger (venom)
rCold   . . .      Faith    .    (no shield)
rNeg    . . .      Spirit   .    a - +1 robe
rPois   .          Reflect  .    (no helmet)
rElec   .          Roll     +    (no cloak)
rCorr   .                        q - +2 pair of gloves
Will    .....                    (no barding)
Stlth   ++                       (no amulet)
HPRegen 0.28/turn                (no ring)
MPRegen 0.13/turn                (no ring)

@: freezing walls, heavily drained
A: large, rugged brown scales 3, deformed body, armoured tail, roll, long
tongue, awkward tongue
a: no special abilities


You were on level 7 of the Dungeon.
You visited 1 branch of the dungeon, and saw 7 of its levels.
You also visited: Sewer.

You collected 185 gold pieces.

Inventory:

Hand Weapons
 g - a +3 antimagic halberd
 o - a +2 hand axe of venom
 r - a +2 dagger of venom (weapon)
Missiles
 k - a silver boomerang
 n - 5 boomerangs
Armour
 a - a +1 robe (worn)
 q - a +2 pair of gloves (worn)
Wands
 c - a wand of acid (12) {@v1}
 l - a wand of flame (10)
Scrolls
 d - 5 scrolls of enchant armour
 e - a scroll of identify {@r1}
 f - a scroll of torment
 h - a scroll of enchant weapon {unknown}
 i - a scroll of fog
 j - a scroll of blinking {@r4}
 p - a scroll of teleportation {@r3}
 s - a scroll of immolation {unknown}
Potions
 b - a potion of mutation
 m - a potion of curing {@q1}


   Skills:
 - Level 1.3 Dodging
 - Level 2.1 Stealth
 - Level 2.8 Spellcasting
 - Level 5.0 Summonings
 - Level 7.0 Ice Magic
 + Level 3.9 Evocations


You had 2 spell levels left.
You knew the following spells:

 Your Spells              Type           Power      Damage    Failure   Level
b - Frozen Ramparts       Ice            54%        1d9       2%          3
c - Ozocubu's Armour      Ice            27%        N/A       2%          3
d - Summon Ice Beast      Ice/Summ       24%        N/A       14%         4

Your spell library contained the following spells:

 Spells                   Type           Power      Damage    Failure   Level
 Freeze                   Ice            100%       1d10      1%          1
 Ensorcelled Hibernation  Hex/Ice        30%        N/A       6%          2
 Passwall                 Tmut/Erth      1%         N/A       26%         2
 Swiftness                Air            2%         N/A       45%         3


Dungeon Overview and Level Annotations

Branches:
Dungeon (7/15) Zot: 26859   Sewer (visited)
 Temple: D:4-7

Altars:
Gozag
Trog

Shops:
D:5 [

Annotations:
D:2 Sigmund


Innate Abilities, Weirdness & Mutations

You are completely covered in rugged brown scales. (AC +3, +7% HP)
Armour fits poorly on your strangely shaped body.
You have a long armoured tail.
You roll when moving toward enemies. (Rampage)
Your long tongue fully drains potion bottles. (2x potion effects)
Your tongue gives you trouble enunciating. (1.5x scroll delay)


Message History

You barely miss the orc warrior.
The orc warrior is moderately wounded.
The wall freezes the orc warrior!
You barely miss the orc warrior.
The orc warrior is heavily wounded.
You hit the orc warrior but do no damage.
The orc warrior is heavily wounded.
The orc warrior hits you with a +2 scimitar of draining!
* * * LOW HITPOINT WARNING * * *
You feel drained.
* * * LOW HITPOINT WARNING * * *
You hit the orc warrior but do no damage.
The orc warrior looks as sick as possible!
Your tail-slap misses the orc warrior.
The orc warrior is heavily wounded.
The wall freezes the orc priest.
The orc warrior hits you with a +2 scimitar of draining!
* * * LOW HITPOINT WARNING * * *
You feel drained.
* * * LOW HITPOINT WARNING * * *
You hit the orc priest.
The orc priest is lightly wounded.
The frozen ramparts melt away.
The orc priest invokes the aid of Beogh against you.
You struggle to resist.
Casting: Frozen Ramparts (dangerous; 2% risk of failure)
Confirm with . or Enter, or press ? or * to list all spells.
Casting: Frozen Ramparts (dangerous; 2% risk of failure)
Press: ? - help, Dir - look around, f - activate The walls around you are covered in ice.
The orc warrior hits you with a +2 scimitar of draining.
* * * LOW HITPOINT WARNING * * *
You feel drained.
* * * LOW HITPOINT WARNING * * *
The wall freezes the orc priest!
You hit the orc warrior but do no damage.
The orc warrior is severely wounded.
The wall freezes the orc warrior.
The orc warrior hits you with a +2 scimitar of draining!
You die...

#.o.o.o#..# ######.#....
#o.##.....#### #.#†#.. ..oY.
#........# ###)#.#..
...##.....##.##..###...)....
.. #....###..##...#..)#.#..
# ...Y..# ##o###.....##.#..
.......# #...>.....##....
....[..####..#.....######'
.........@o.##.....# #...
......###o...<...... #.##
... ...##........#.#. .
.........####.#.#.
.....####.. .#... ......# ##
#### .......# ...######


You could see an orc warrior (very poisoned) and an orc priest.

Vanquished Creatures
  Pargi (Sewer)
  2 orc warriors
  A sky beast (D:6)
  2 ogres (D:6)
  2 bullfrogs
  2 scorpions
  3 orc priests
  4 hounds
  4 iguanas
  A jelly (D:7)
  A gnoll bouda (D:5)
  2 orc wizards (D:7)
  5 gnolls (D:5)
  3 adders
  A river rat (D:3)
  A white imp (D:5)
  20 orcs
  3 ball pythons (D:3)
  An endoplasm (D:2)
  2 giant cockroaches (D:3)
  A hobgoblin (D:4)
  5 kobolds
  2 bats
  A frilled lizard (Sewer)
  5 rats
75 creatures vanquished.

Notes
Turn   | Place    | Note
-------+----------+-------------------------------------------
     0 | D:1      | iguanaiguana the Armataur Ice Elementalist began the quest
                  | for the Orb.
     0 | D:1      | Reached XP level 1. HP: 14/14 MP: 3/3
    67 | D:2      | Noticed Sigmund
    75 | D:2      | Reached XP level 2. HP: 21/21 MP: 0/5
   205 | D:3      | Found a glowing drain.
   220 | D:3      | Reached skill level 4 in Ice Magic
   234 | D:3      | Reached XP level 3. HP: 23/27 MP: 3/6
   238 | D:3      | Learned a level 3 spell: Frozen Ramparts
   245 | Sewer    | Entered a sewer
   324 | Sewer    | Noticed Pargi
   333 | Sewer    | Killed Pargi
   334 | Sewer    | Reached skill level 5 in Ice Magic
   334 | Sewer    | Reached XP level 4. HP: 22/35 MP: 2/7
   336 | Sewer    | Identified the +4 chain mail "Rahecutt" {Str+6}
   474 | D:3      | Noticed a scorpion
   551 | D:3      | Killed a scorpion
   552 | D:3      | Reached XP level 5. HP: 28/40 MP: 3/8
   556 | D:3      | Learned a level 3 spell: Ozocubu's Armour
   669 | D:4      | Reached skill level 6 in Ice Magic
   690 | D:5      | Entered Level 5 of the Dungeon
   743 | D:5      | Reached XP level 6. HP: 27/48 MP: 5/9
   863 | D:5      | Found Naniumol's Armour Shop.
   903 | D:5      | Reached skill level 7 in Ice Magic
   961 | D:6      | Reached skill level 1 in Summonings
   965 | D:6      | Reached XP level 7. HP: 45/53 MP: 4/10
   970 | D:6      | Learned a level 4 spell: Summon Ice Beast
  1133 | D:6      | Found a bloodstained altar of Trog.
  1226 | D:6      | Reached skill level 5 in Summonings
  1226 | D:6      | Reached XP level 8. HP: 34/60 MP: 2/11
  1482 | D:7      | Found an opulent altar of Gozag.
  1584 | D:7      | Mangled by an orc warrior

Illustrated notes

Levels and vault maps discovered:
D:1:      dpeg_arrival_simpleton_a, layout_basic
D:2:      layout_basic, hangedman_abyss_or_decor_stabs, uniq_sigmund
D:3:      layout_basic, old_standard_altar, portal_sewer_entry_c,
          nicolae_concentric_dashed_squares_wild
D:4:      layout_gridville, serial_glass, glass_columns_a, glass_columns_a,
          glass_columns_a, glass_columns_b, glass_columns_c, glass_columns_b,
          glass_columns_a, glass_columns_b, glass_columns_c, glass_columns_b
D:5:      layout_loops_ring, serial_shops,
          nicolae_shop_temple_entry_statues_fountains
D:6:      layout_loops_cross, trog_antimagical, temple_fountains, corexii_shack
D:7:      layout_rooms, nicolae_dithmenos_the_darkroom,
          mainiacjoe_overflow_alcove_4, hangedman_decor_points, uniq_menkaure,
          uniq_crazy_yiuf_cottage

Skill      XL: |  1  2  3  4  5  6  7  8 |
---------------+-------------------------+-----
Spellcasting   | 2 |  2.8
Ice Magic      | 4 5 6 7 |  7.0
Summonings     | 2 5 |  5.0
Evocations     | 3 |  3.9
Dodging        | |  1.3
Stealth        | |  2.1

Action                     |  1- 3 |  4- 6 |  7- 9 || total
---------------------------+-------+-------+-------++-------
  Melee: Unarmed           |     4 |       |       ||     4
         Short sword       |    26 |    92 |    32 ||   150
         Tailslap          |     3 |     4 |    11 ||    18
         Dagger            |       |       |    11 ||    11
         Hand axe          |       |       |     9 ||     9
  Throw: Boomerang         |       |     1 |       ||     1
   Cast: Freeze            |    15 |       |       ||    15
         Frozen Ramparts   |     1 |    12 |    15 ||    28
         Ozocubu's Armour  |       |     1 |     4 ||     5
         Summon Ice Beast  |       |       |     1 ||     1
  Evoke: Wand              |       |     4 |     1 ||     5
    Use: Scroll            |     1 |     9 |       ||    10
         Potion            |     1 |     1 |     2 ||     4
   Stab: Sleeping          |     1 |       |     1 ||     2
         Distracted        |       |       |     1 ||     1
 Armour: Robe              |    27 |    19 |    15 ||    61
         Chain mail        |       |    50 |       ||    50
  Dodge: Dodged            |    28 |    48 |    27 ||   103

Table legend: (Time is in decaauts)
 A = Elapsed time spent in this place.
 B = Non-inter-level travel time spent in this place.
 C = Inter-level travel time spent in this place.
 D = Time resting spent in this place.
 E = Time spent auto-exploring this place.
 F = Levels seen in this place.
 G = Mean time per level.
                   A        B        C        D        E       F      G
               +--------+--------+--------+--------+--------+-----+--------+
         Total |   1591 |   1551 |     40 |      0 |      0 |   8 |  198.9 |
       Dungeon |   1428 |   1388 |     40 |      0 |      0 |   7 |  204.0 |
         Sewer |    162 |    162 |      0 |      0 |      0 |   1 |  162.0 |
               +--------+--------+--------+--------+--------+-----+--------+

Top non-repeatable levels by time:
     D:5: 392 daAuts
     D:6: 366 daAuts
     D:3: 324 daAuts
   Sewer: 162 daAuts
     D:7: 140 daAuts
     D:4: 94 daAuts
     D:2: 61 daAuts
     D:1: 50 daAuts
